 Dungeon Crawl Stone Soup version 0.22-a0-278-g8f80174 (webtiles) character file.

63 Vesto the Skirmisher (level 4, -4/29 HPs)
             Began as a Gargoyle Fighter on Mar 15, 2018.
             Slain by a crocodile (10 damage)
             ... in a sewer.
             The game lasted 00:03:14 (575 turns).

Vesto the Skirmisher (Gargoyle Fighter)              Turns: 575, Time: 00:03:15

Health: -4/29      AC: 10    Str: 19    XL:     4   Next: 9%
Magic:  5/5        EV:  7    Int: 10    God:
Gold:   20         SH:  9    Dex:  9    Spells: 5/5 levels left

rFire    . . .     SeeInvis .   a - +0 war axe
rCold    . . .     Gourm    .   c - +0 shield
rNeg     + . .     Faith    .   b - +0 scale mail
rPois    ∞         Spirit   .   (no helmet)
rElec    +         Reflect  .   (no cloak)
rCorr    .         Harm     .   (no gloves)
MR       .....                  (no boots)
Stlth    ..........             (no amulet)
HPRegen  0.09/turn              (no ring)
MPRegen  0.09/turn              (no ring)

@: no status effects
A: negative energy resistance 1, electricity resistance, unbreathing,
petrification resistance, rot immunity, AC +3
a: no special abilities


You were in a sewer.
You were not hungry.

You visited 1 branch of the dungeon, and saw 4 of its levels.
You also visited: Sewer.

You collected 20 gold pieces.

Inventory:

Hand Weapons
 a - a +0 war axe (weapon)
Armour
 b - a +0 scale mail (worn)
 c - a +0 shield (worn)
Scrolls
 i - a scroll of random uselessness {unknown}
Potions
 d - a potion of might
 e - a potion of curing {unknown}
 g - a potion of mutation {unknown}
 h - a potion of agility {unknown}
Comestibles
 f - 2 rations


   Skills:
 * Level 3.7 Fighting
 * Level 2.2 Axes
 + Level 0.7 Throwing
 + Level 3.5 Armour
 + Level 0.7 Dodging
 + Level 3.5 Shields
 * Level 1.2 Spellcasting


You had 5 spell levels left.
You didn't know any spells.

Dungeon Overview and Level Annotations

Branches:
Dungeon (4/15)
 Temple: D:4-7

Altars:
Nemelex Xobeh

Annotations:
D:3 exclusion: downstairs


Innate Abilities, Weirdness & Mutations

You are resistant to torment.
Your stone body is resilient. (AC +3)
You are immune to poison.
You resist negative energy. (rN+)
You are resistant to electric shocks. (rElec)
You can survive without breathing.
You are immune to petrification.
You are immune to rotting.


Message History

You hit the crocodile.
The crocodile is lightly wounded.
You block the crocodile's attack.
Your shield and scale mail prevent you from hitting the crocodile.
The crocodile is lightly wounded.
You block the crocodile's attack. The crocodile bites you!
You barely miss the crocodile.
The crocodile is lightly wounded.
The crocodile bites you but does no damage.
You closely miss the crocodile.
The crocodile is lightly wounded.
The crocodile bites you!
You hit the crocodile.
The crocodile is moderately wounded.
The crocodile bites you. x2
* * * LOW HITPOINT WARNING * * *
You hit the crocodile.
The crocodile is moderately wounded.
The crocodile bites you!
You die...

# # # # ########
## ###......### .#
###.≈≈..≈≈.@t###
.#
###.≈≈≈≈####.....#
.###.....###
###≈≈≈≈.#
≈.≈...≈.##
##≈≈≈≈≈.#
.###.....# ≈..≈###
.# ###...≈≈#
.≈##≈$ .#
###...... ### /)#
## ##.... ## #
####


You could see a crocodile.

Vanquished Creatures
  A hound (D:3)
  A worm (D:3)
  4 leopard geckos
  2 orcs
  3 giant cockroaches (D:3)
  A hobgoblin (D:3)
  2 jackals (Sewer)
  A ball python (D:1)
  2 bats
  3 frilled lizards
  3 kobolds (Sewer)
  A rat (D:1)
24 creatures vanquished.

Notes
Turn   | Place    | Note
-------+----------+-------------------------------------------
     0 | D:1      | Vesto the Gargoyle Fighter began the quest for the Orb.
     0 | D:1      | Reached XP level 1. HP: 14/14 MP: 1/1
   181 | D:3      | Reached XP level 2. HP: 13/19 MP: 2/2
   232 | D:4      | Noticed a scorpion
   237 | D:4      | Noticed a scorpion
   256 | D:3      | Reached skill level 1 in Spellcasting
   256 | D:3      | Reached XP level 3. HP: 8/24 MP: 2/4
   314 | D:3      | Found a sparkling altar of Nemelex Xobeh.
   346 | D:3      | Found a glowing drain.
   376 | D:3      | Reached XP level 4. HP: 16/29 MP: 5/5
   389 | Sewer    | Entered a sewer
   565 | Sewer    | Noticed a crocodile
   575 | Sewer    | Slain by a crocodile

Vault maps used:
D:1:      dpeg_arrival_solitude
D:2:      first_ration, uniq_robin
D:3:      nemelex_altar_shiori, amethyst_overflow_temple_binary,
          portal_sewer_entry_f, st_stairs_12, minmay_crystal_room, nrook_uturn
D:4:      minmay_temple_entry_nine_rooms, grunt_ministairs_5, uniq_pikel
Sewer:    sewer_the_crocodile

Skill      XL: |  1  2 |
---------------+-------+-----
Axes           | 2 |  2.2
Spellcasting   | 1 |  1.2
Fighting       | |  3.7
Throwing       | |  0.7
Armour         | |  3.5
Dodging        | |  0.7
Shields        | |  3.5

Action                   |  1- 3 |  4- 6 || total
-------------------------+-------+-------++-------
Melee: War axe           |    76 |    10 ||    86
Armor: Scale mail        |    67 |     2 ||    69
Dodge: Dodged            |    36 |     3 ||    39
Block: Shield            |    70 |     9 ||    79

Table legend:
 A = Spawn XP
 B = Non-spawn XP
 C = Spawn XP percentage of total XP
 D = Spawn monster count
 E = Non-spawn monster count
 F = Spawn count percentage of total count
 G = Total turns spent on level
                    A         B        C        D         E        F      G
               +---------+---------+-------+---------+---------+-------+---------
         Total |       0 |      90 |   0.0 |       0 |      24 |   0.0 |   575
               +---------+---------+-------+---------+---------+-------+---------
           D:1 |       0 |       6 |   0.0 |       0 |       4 |   0.0 |   110
           D:2 |       0 |       2 |   0.0 |       0 |       2 |   0.0 |    62
           D:3 |       0 |      72 |   0.0 |       0 |      12 |   0.0 |   197
           D:4 |       0 |       3 |   0.0 |       0 |       1 |   0.0 |    20
         Sewer |       0 |       7 |   0.0 |       0 |       5 |   0.0 |   186
               +---------+---------+-------+---------+---------+-------+---------
